Map: Lerilak Crest

Players

uThermal - Winner!

  • Race: Terran Terran
  • League: Grandmaster

AiLillekanin (Lillekanin)

  • Race: Terran Terran
  • League: Master

Event: NationWars III

VOD

Have the link to the VOD?

Description

Time

  • Played on: Dec. 10, 2015, 2:08 p.m.
  • Length: 13:07
Show
View Real Time Build Order
Export as new Build Order

uThermal Terran - Winner!

Build Orders: 1/1/1, Bio Tank, MMM Bio 

Get SALT Encoding   

  12  0:00  SCV  
  13  0:13  SCV  
  14  0:17  Supply Depot  
  14  0:25  SCV  
  15  0:28  Refinery  
  15  0:38  SCV  
  16  0:45  Barracks  
  16  0:50  SCV  
  17  1:03  SCV  
  18  1:11  Refinery  
  18  1:15  SCV  
  19  1:31  Orbital Command  
  19  1:34  Factory, Marine  
  20  1:42  Supply Depot  
  20  1:52  Reaper  
  21  1:57  SCV  
  23  2:18  Starport  
  23  2:19  Hellion  
  24  2:24  Reaper  
  24  2:25  Supply Depot  
  24  2:27  SCV  
  26  2:40  Hellion  
  26  2:41  SCV  
  29  2:53  SCV  
  29  2:55  Viking  
  29  2:56  Reaper  
  33  3:05  SCV  
  33  3:07  Supply Depot  
  32  3:17  SCV, Hellion  
  35  3:23  Engineering Bay  
  35  3:25  Medivac  
  37  3:30  SCV  
  37  3:32  Reaper  
  39  3:38  Hellion  
  41  3:44  SCV  
  42  3:54  Missile Turret  
  42  4:04  SCV  
  43  4:11  Barracks Reactor, Factory Tech Lab  
  43  4:13  Viking  
  43  4:15  Supply Depot  
  46  4:24  SCV  
  39  4:47  Starport Tech Lab  
  39  4:49  Siege Tank, Marine x2  
  42  4:53  SCV  
  43  5:05  Command Center, SCV  
  44  5:07  Marine x2  
  44  5:11  Raven  
  48  5:17  SCV  
  49  5:25  Marine  
  51  5:30  Siege Tank  
  51  5:34  Supply Depot  
  51  5:35  Marine  
  54  5:45  Barracks, Marine  
  55  6:02  Siege Tank  
  55  6:04  Starport Tech Lab  
  58  6:07  Marine  
  58  6:08  Barracks  
  58  6:09  Marine  
  60  6:15  SCV  
  61  6:27  SCV  
  61  6:29  Starport Reactor  
  62  6:39  SCV  
  62  6:42  Orbital Command  
  62  6:44  Missile Turret  
  62  6:45  Marine x2  
  64  6:54  SCV  
  64  6:57  Marauder x2  
  64  7:00  Stimpack  
  68  7:02  Combat Shields  
  68  7:06  SCV  
  68  7:07  Marine x2  
  71  7:15  Supply Depot, SCV  
  71  7:18  SCV  
  71  7:20  Siege Tank  
  71  7:21  Marauder  
  78  7:25  Refinery  
  78  7:27  Supply Depot  
  78  7:34  Supply Depot  
  78  7:36  SCV x2, Marine  
  81  7:46  Command Center  
  81  7:48  SCV  
  81  7:49  Marine x2  
  81  7:50  Marauder  
  86  7:53  Terran Infantry Weapons Level 1, SCV  
  86  7:57  Refinery  
  86  8:01  SCV  
  86  8:02  Supply Depot  
  86  8:03  Marine  
  86  8:05  SCV  
  89  8:06  Medivac  
  89  8:10  Medivac  
  92  8:12  Marine  
  92  8:16  Marine  
  92  8:17  Marauder  
  95  8:21  SCV x2, Marine  
  98  8:33  SCV  
  99  8:36  Viking  
  99  8:37  Supply Depot, Marine  
  99  8:38  Marine  
  99  8:40  Viking  
  105  8:44  Marine  
  105  8:46  Marine  
  105  8:47  Supply Depot  
  107  8:55  Marine  
  108  8:56  Marine  
  108  9:02  Marine  
  107  9:04  Marine  
  107  9:05  SCV  
  110  9:11  Viking  
  110  9:12  Marine  
  110  9:13  Missile Turret  
  110  9:14  Marauder  
  115  9:20  Marine  
  115  9:23  Siege Tank, Marauder  
  121  9:31  Orbital Command  
  121  9:32  Marine  
  121  9:36  Marine  
  105  9:46  Medivac  
  105  9:49  Marine  
  83  9:54  Medivac  
  83  9:55  Siege Tank  
  83  9:57  Marine  
  83  9:58  Marine x2  
  88  10:00  SCV x2  
  88  10:01  SCV  
  89  10:09  Terran Infantry Armor Level 1  
  89  10:12  SCV  
  90  10:15  Marine  
  90  10:16  Medivac  
  90  10:19  SCV, Marine  
  95  10:25  SCV  
  95  10:26  Supply Depot  
  95  10:27  Marine, Medivac  
  95  10:28  Siege Tank, Marine  
  103  10:37  Marine  
  104  10:44  Marine  
  104  10:46  Marauder  
  104  10:47  Marauder  
  104  10:48  Barracks  
  109  10:50  Barracks  
  109  10:55  Marine  
  110  11:00  SCV  
  110  11:01  SCV  
  110  11:02  Marine  
  112  11:07  SCV, Marauder  
  112  11:08  Marauder  
  106  11:12  SCV, Marine  
  107  11:19  Marine, Medivac x2  
  110  11:28  Marauder  
  110  11:29  Marauder  
  110  11:30  Marine  
  110  11:31  Siege Tank  
  115  11:34  Barracks  
  115  11:35  Barracks  
  115  11:37  Barracks Reactor, Barracks Tech Lab  
  112  11:40  Marine  
  111  11:48  Marine  
  111  11:50  Marauder  
  111  11:52  Marauder  
  115  11:58  Marine  
  109  12:03  Siege Tank  
  94  12:15  Marauder x2, Marine x2  
  97  12:16  Medivac  
  91  12:24  Marauder, Marine  
  91  12:32  Medivac  
  90  12:39  Marine x2  
  90  12:40  Marauder x2, Marine  
  90  12:42  SCV x2  
  99  12:46  SCV, Refinery  
  99  12:47  Refinery, Marine  
  101  12:54  SCV x2  
Show
View Real Time Build Order
Export as new Build Order

AiLillekanin Terran 

Build Orders: 1/1/1, Mech, Banshee Rush 

Get SALT Encoding   

  12  0:01  SCV  
  13  0:13  SCV  
  14  0:17  Supply Depot  
  14  0:26  Refinery  
  14  0:28  SCV  
  15  0:42  Barracks  
  15  0:45  SCV  
  16  0:57  SCV  
  17  1:09  SCV  
  18  1:21  SCV  
  19  1:30  Marine  
  19  1:31  Factory  
  20  1:33  Orbital Command  
  20  1:43  Supply Depot  
  20  1:54  Marine  
  20  1:57  Refinery  
  20  2:00  SCV  
  22  2:12  SCV, Marine  
  24  2:18  Starport  
  24  2:24  Factory Tech Lab, SCV  
  25  2:30  Marine  
  25  2:33  Supply Depot  
  25  2:36  SCV  
  27  2:48  SCV  
  27  2:50  Marine  
  29  2:56  Widow Mine  
  31  3:00  SCV  
  31  3:01  Banshee, Cloaking Field  
  35  3:09  Marine  
  36  3:16  SCV  
  36  3:18  Engineering Bay  
  37  3:23  Supply Depot  
  37  3:27  Factory Reactor  
  37  3:30  SCV  
  37  3:34  Barracks Reactor  
  37  3:54  Command Center  
  37  3:55  Raven  
  37  4:02  Supply Depot  
  39  4:09  Hellion  
  43  4:10  Hellion  
  43  4:14  SCV  
  43  4:15  Marine  
  45  4:17  Marine  
  43  4:32  Marine  
  43  4:35  Marine  
  44  4:45  SCV  
  46  4:57  SCV  
  43  5:06  Factory  
  43  5:07  Orbital Command  
  43  5:09  SCV  
  43  5:11  Viking  
  46  5:19  Viking  
  48  5:21  SCV  
  48  5:32  Orbital Command  
  48  5:33  SCV  
  49  5:42  Hellion x2  
  53  5:45  SCV  
  54  5:52  Viking  
  56  5:57  SCV  
  56  5:58  SCV  
  58  6:09  SCV, Siege Tank  
  58  6:11  SCV  
  63  6:16  Infernal Pre-Igniter  
  63  6:22  SCV  
  63  6:23  SCV  
  63  6:24  Viking  
  67  6:31  Refinery  
  67  6:32  Refinery  
  67  6:34  SCV  
  67  6:35  SCV  
  69  6:45  Supply Depot  
  69  6:48  Hellion x2, Siege Tank  
  76  6:57  SCV  
  76  6:58  Factory  
  76  6:59  SCV  
  78  7:09  SCV, Hellion  
  78  7:11  SCV  
  78  7:13  Factory  
  82  7:21  SCV, Hellion  
  85  7:23  SCV  
  86  7:34  Supply Depot, SCV  
  86  7:35  SCV, Siege Tank  
  86  7:36  Hellion  
  86  7:37  Supply Depot  
  91  7:38  Medivac  
  91  7:43  Factory Tech Lab  
  93  7:46  SCV  
  93  7:47  SCV  
  93  7:49  Armory  
  93  7:56  Hellion  
  96  7:58  SCV  
  96  8:02  Factory Tech Lab  
  95  8:07  Siege Tank  
  95  8:08  Siege Tank  
  95  8:11  Hellion  
  103  8:26  Hellion x2  
  107  8:28  Viking  
  109  8:38  Supply Depot  
  109  8:39  Siege Tank  
  114  8:43  Medivac  
  114  8:45  Hellion  
  116  8:53  Siege Tank  
  117  8:57  Hellion  
  119  9:05  Siege Tank  
  119  9:06  Hellion  
  124  9:12  Hellion  
  126  9:19  Hellion  
  128  9:25  Siege Tank  
  128  9:28  Hellion  
  133  9:36  Siege Tank  
  132  9:43  Siege Tank  
  132  9:44  Hellbat  
  110  9:49  Hellbat  
  82  9:58  Hellbat  
  73  10:05  Hellbat  
  72  10:08  Siege Tank  
  72  10:11  Hellion  
  72  10:14  Medivac x2  
  81  10:16  Hellion  
  81  10:19  Hellion  
  85  10:24  Terran Vehicle Weapons Level 1  
  85  10:27  Hellion  
  87  10:32  Hellion  
  89  10:41  Siege Tank  
  90  10:44  Medivac  
  90  10:45  Hellion x2  
  96  10:52  Hellion  
  90  11:04  Viking  
  90  11:06  Siege Tank  
  86  11:12  Orbital Command  
  77  11:28  Hellion  
  77  11:32  Hellion  
  62  12:22  Hellion  
  56  12:27  Hellion  
  41  12:40  SCV  
Tags
 
Add a new tag
Caveats
  • Supply blocks, unpowered buildings, or Contaminate may cause inaccurate times.
  • Supply counts are checked every 10 seconds.